AoeStats
← 乌合之众

African Clearing

510320108Analyzed
4v4 RM · 20h ago on Sep 30, 2026· 48m 59s· 8 players
Game mode
Random Map
Map size
Large (8 player)
Population
200
Speed
Normal
Resources
Standard
Victory
Conquest
Starting age
Dark Age
Ending age
Imperial Age
RankedLock teamsTeams togetherTeam positionsShared explorationLock speedFull tech treeHidden civsTurbo modeCheats
Victory
Defeat
🇹🇼 Huns · Taiwan
1433
+15
🇨🇳 Berbers · China
1428
+15
1405
+16
🇨🇳 Aztecs · China
1400
+16
🇨🇳 Portuguese · China
1440
-17
🇨🇳 Vietnamese · China
1430
-17
🇨🇳 Varangians · China
1387
-15
🇨🇳 Magyars · China
1348
-13
Advanced Micro Devices
10:11 Loom
12:55 Feudal Age
17:44 Castle Age
15:42 Double-Bit Axe
16:35 Fletching
29:34 Bow Saw
lun
14:05 Feudal Age
12:20 Loom
14:58 Double-Bit Axe
18:46 Castle Age
18:33 Horse Collar
19:50 Fishing Lines
20:52 Bow Saw
23:21 Heavy Plow
23:15 Stone Mining
27:41 Wheelbarrow
27:59 Gold Mining
29:18 Hand Cart
31:08 Gold Shaft Mining
30:24 Town Watch
31:09 Scale Barding Armor
31:17 Husbandry
31:32 Bloodlines
32:23 Chain Barding Armor
33:14 Forging
35:27 Iron Casting
38:33 Imperial Age
36:58 Gillnets
38:56 Town Patrol
38:38 Cavalier
39:54 Plate Barding Armor
40:20 Blast Furnace
40:24 Two-Man Saw
38:48 Capped Ram
39:50 Siege Ram
39:55 Paladin
42:26 Fletching
43:24 Bodkin Arrow
43:50 Masonry
44:01 Ballistics
44:41 Chemistry
44:26 Conscription
网恋被骗50块
5:48 Loom
15:19 Feudal Age
19:18 Castle Age
17:42 Bloodlines
17:27 Gold Mining
17:32 Double-Bit Axe
19:31 Fletching
19:44 Padded Archer Armor
20:10 Stone Mining
21:01 Husbandry
22:55 Wheelbarrow
22:50 Bodkin Arrow
23:10 Leather Archer Armor
24:37 Horse Collar
29:03 Kasbah
29:37 Town Watch
34:56 Imperial Age
32:45 Hand Cart
35:13 Gold Shaft Mining
35:29 Murder Holes
35:58 Conscription
36:57 Ballistics
37:38 Chemistry
36:54 Heavy Plow
37:12 Treadmill Crane
38:19 Bow Saw
39:51 Thumb Ring
43:03 Stone Shaft Mining
43:05 Bracer
43:35 Ring Archer Armor
43:19 Masonry
43:15 Siege Engineers
43:06 Elite Camel Archer
44:47 Forging
44:43 Scale Barding Armor
45:04 Maghrebi Camels
45:08 Light Cavalry
46:21 Hussar
SunnY
3:15 Loom
14:36 Feudal Age
19:01 Castle Age
17:26 Double-Bit Axe
18:04 Horse Collar
20:30 Bow Saw
26:12 Wheelbarrow
26:12 Town Watch
26:51 Gold Mining
27:46 Fletching
32:06 Imperial Age
30:47 Gold Shaft Mining
30:15 Scale Mail Armor
29:39 Eagle Warrior
30:46 Bodkin Arrow
30:47 Gambesons
31:05 Squires
30:53 Arson
31:17 Heavy Plow
31:37 Stone Mining
33:54 Bracer
34:09 Chain Mail Armor
34:45 Forging
35:40 Stone Shaft Mining
35:07 Padded Archer Armor
36:16 Plate Mail Armor
36:19 Elite Eagle Warrior
38:25 Iron Casting
38:24 Garland Wars
39:30 Ballistics
40:11 Chemistry
40:42 Blast Furnace
40:46 Capped Ram
41:42 Atlatl
42:03 Conscription
41:27 Onager
46:10 Leather Archer Armor
45:17 Man-at-Arms
45:17 Pikeman
45:20 Elite Jaguar Warrior
46:21 Siege Ram
47:15 Caravan
47:45 Coinage
47:34 Hand Cart
47:20 Town Patrol
49:51 Crop Rotation
48:44 Long Swordsman
涅槃重生
8:19 Loom
16:07 Feudal Age
20:31 Castle Age
18:58 Double-Bit Axe
19:58 Horse Collar
23:21 Bow Saw
24:14 Fishing Lines
27:14 Fishing Lines
30:00 Gillnets
29:58 Horse Collar
30:09 Gold Mining
30:10 Stone Mining
32:41 Wheelbarrow
35:51 Imperial Age
34:28 Hand Cart
34:18 Heavy Plow
35:35 Scale Mail Armor
35:46 Forging
36:41 Chain Mail Armor
36:15 Gambesons
36:31 Squires
36:17 Arson
36:11 Elite Varangian Guard
37:28 Iron Casting
36:22 Capped Ram
38:57 Plate Mail Armor
38:20 Fletching
38:01 Gothikon
40:36 Blast Furnace
43:28 Town Watch
44:52 Siege Ram
V我50%匡扶汉室
3:40 Loom
12:09 Feudal Age
23:55 Castle Age
乌合之众
5:55 Loom
13:13 Feudal Age
17:06 Castle Age
19:48 Double-Bit Axe
21:12 Fletching
27:34 Padded Archer Armor
29:51 Bow Saw
36:42 Bodkin Arrow
37:34 Wheelbarrow
40:17 Imperial Age
38:35 Masonry
38:47 Ballistics
40:25 Elite Organ Gun
42:49 Chemistry
42:31 Leather Archer Armor
48:30 Thumb Ring
48:34 Man-at-Arms
old f1sh
12:32 Loom
14:18 Feudal Age
18:43 Castle Age
17:15 Double-Bit Axe
17:23 Gold Mining
19:49 Fletching
27:02 Wheelbarrow
29:14 Bodkin Arrow
30:09 Bow Saw
29:40 Horse Collar
32:13 Heavy Plow
33:35 Padded Archer Armor
37:24 Imperial Age
35:50 Leather Archer Armor
39:45 Imperial Age
37:31 Hand Cart
37:27 Scale Mail Armor
37:38 Forging
38:49 Squires
39:27 Chain Mail Armor
39:47 Iron Casting
40:04 Arson
40:10 Town Watch
39:48 Elite Fire Lancer
41:00 Plate Mail Armor
Connection lost

Rejoining the realm…

Still unreachable

The connection could not be restored.

Session expired

The server has moved on; the page needs a fresh start.